Workbook

Sheet #1 - Instructions
A1: FY 2024 - 2025 State Financial Assistance Identity Theft and Fraud Grant Program
A2: Tab #1 | B2: Instructions | C2: Please read the instructions on this page carefully: Applicants must complete and submit this budget detail worksheet along with their application.The budget worksheet must correspond with the information provided on the application, and must be completed in full. If discrepancies are found or fields are left blank, the application and budget worksheet will be returned to the applicant for corrections. Note: the examples provided on the grey line of each tab of this worksheet are not included in the Total Requested Amount.
A4: Tab #2 | B4: Budget Summary | C4: All applicants must complete the "Applicant Information" section on this tab. The rest of the fields will auto-populate based on the information provided on Tabs A - F.
A6: Tab A & B | B6: Personnel and Benefits | C6: Applicants requesting funding for personnel and fringe benefits must complete the "Personnel and Benefits" tab, if applicable.
A8: Tab C | B8: Travel | C8: Applicants requesting funding to support project related travel costs must complete the "Travel" tab, if applicable. Note: Reimbursement for travel expenses will not exceed the rates established in the State of Florida Travel Guidelines, §112 .061, Florida Statutes.
A10: Tab D | B10: Equipment | C10: Applicants requesting funding to procure NON-EXPENDABLE, INVENTORIED items to support project activities must complete the "Equipment" tab, if applicable.
A12: Tab E | B12: Supplies | C12: Applicants requesting funding to procure EXPENDABLE, NON-INVENTORIED items to support project activities must complete the "Supplies" tab, if applicable.
A14: Tab F | B14: Other Costs | C14: Applicants requesting funding for project-related costs that do not fit into another category must complete the "Other Costs" tab, if applicable. Examples of "Other Costs" include facility rental, utilities, software licensing, training registrations, etc.

Sheet #2 - Budget Summary
A1: FY 2024 - 2025 State Financial Assistance Identity Theft and Fraud Grant Program
A3: APPLICANT INFORMATION | E3: [Select]
A4: ALL Applicants must enter the requested information in boxes below: | E4: Yes
A5: Agency Name: | E5: No
A6: Primary Point-of-Contact:
A7: Phone Number:
A8: Email Address:
A9: Requested Allocation:
A11: BUDGET SUMMARY
A12: Budget Category | B12: Totals
A13: Personnel (Overtime) | B13: ='A & B - Personnel and Benefits'!G30 -> 0
A14: Fringe Benefits (Overtime) | B14: ='A & B - Personnel and Benefits'!O30 -> 0
A15: Travel | B15: ='C - Travel'!N32 -> 0
A16: Equipment | B16: ='D - Equipment'!G38 -> 0
A17: Supplies | B17: ='E - Supplies'!F30 -> 0
A18: Other Costs | B18: ='F - Other Costs'!G32 -> 0
A19: Total Requested Costs | B19: =SUM(B13:B18) -> 0
A21: BUDGET RECONCILIATION
A22: Requested Allocation: | B22: =B9 -> 0
A23: Total Requested Costs: | B23: =B19 -> 0
A24: Amount Under/Over Allocation: | B24: =B22-B23 -> 0

Sheet A & B - Personnel and Benefits
A1: A. Personnel | H1: B. Fringe Benefits
A2: INSTRUCTIONS: | H2: INSTRUCTIONS:
A3: 1. Columns A-C: Enter the position title, estimated number of personnel, and a description of the activities to be performed under the award. | H3: 1. Columns H-J: Enter the percentages that will be charged for the standard benefits named below.
A4: 2. Columns D-E: Enter the estimated rate of pay and estimated number of hours for the named position. | H4: 2. Columns K-N: If there are any other benefits that will be charged, enter the name, method of calculation (% or total flat rate) and the amount.
A5: 3. Columns F-G: These columns will auto-populate based on the information entered in columns A-E. | H5: 3. Column O: This column will auto-populate based on the answers provided in A. Personnel and columns H-J, M, and N.
H7: B. Fringe Benefits
A8: A. Personnel | H8: Standard Fringe Benefits | K8: Other Fringe Benefits | O8: Total Estimated Costs
A9: Position Title | B9: Activities to be Performed | C9: # of Personnel | D9: Rate of Pay | E9: Estimated Hours | F9: Total Hours | G9: Total Estimated Costs | H9: % FICA | I9: % Medicare | J9: % Retirement | K9: Describe: | L9: Charged at: | M9: Other % Rate | N9: Other Total $
A10: EXAMPLE: Detective | B10: Overtime for identity theft and/or fraud investigations. | C10: 2 | D10: 52 | E10: 30 | F10: =E10*C10 -> 60 | G10: =D10*F10 -> 3120 | H10: 0.062 | I10: 0.0145 | J10: 0.3267 | O10: =((SUM(H10:J10)+M10)*G10)+N10 -> 1257.984 | P10: This line is an EXAMPLE and will not be included in the totals below.
F11: =E11*C11 -> 0 | G11: =D11*F11 -> 0 | O11: =((SUM(H11:J11)+M11)*G11)+N11 -> 0
F12: =E12*C12 -> 0 | G12: =D12*F12 -> 0 | O12: =((SUM(H12:J12)+M12)*G12)+N12 -> 0
F13: =E13*C13 -> 0 | G13: =D13*F13 -> 0 | O13: =((SUM(H13:J13)+M13)*G13)+N13 -> 0
F14: =E14*C14 -> 0 | G14: =D14*F14 -> 0 | O14: =((SUM(H14:J14)+M14)*G14)+N14 -> 0
F15: =E15*C15 -> 0 | G15: =D15*F15 -> 0 | O15: =((SUM(H15:J15)+M15)*G15)+N15 -> 0
F16: =E16*C16 -> 0 | G16: =D16*F16 -> 0 | O16: =((SUM(H16:J16)+M16)*G16)+N16 -> 0
F17: =E17*C17 -> 0 | G17: =D17*F17 -> 0 | O17: =((SUM(H17:J17)+M17)*G17)+N17 -> 0
F18: =E18*C18 -> 0 | G18: =D18*F18 -> 0 | O18: =((SUM(H18:J18)+M18)*G18)+N18 -> 0
F19: =E19*C19 -> 0 | G19: =D19*F19 -> 0 | O19: =((SUM(H19:J19)+M19)*G19)+N19 -> 0
F20: =E20*C20 -> 0 | G20: =D20*F20 -> 0 | O20: =((SUM(H20:J20)+M20)*G20)+N20 -> 0
F21: =E21*C21 -> 0 | G21: =D21*F21 -> 0 | O21: =((SUM(H21:J21)+M21)*G21)+N21 -> 0
F22: =E22*C22 -> 0 | G22: =D22*F22 -> 0 | O22: =((SUM(H22:J22)+M22)*G22)+N22 -> 0
... F29: =E29*C29 -> 0 | G29: =D29*F29 -> 0 | O29: =((SUM(H29:J29)+M29)*G29)+N29 -> 0
A30: Total Estimated Personnel Cost | G30: =SUM(G11:G29) -> 0 | H30: Total Estimated Fringe Benefits Cost | O30: =SUM(O11:O29) -> 0

Sheet C - Travel
A1: C. Travel
A2: INSTRUCTIONS:
A3: 1. Columns A-E: Enter the purpose of the travel, the destination, the anticipated dates of travel, the anticipated number of travelers, and the anticipated number of nights (if applicable).
A4: 2. Columns F-G (Lodging): Enter the estimated nightly cost of lodging in Column F (if applicable). Column G will auto-populate based on the information entered in Columns D, E, and F.
A5: 3. Columns H-I: (Meals): Enter the daily meal allowance indicated in your agency's travel policy in Column H. Column I will auto-populate based on the information entered in Columns D, E, and H.
A6: 4. Columns J-K (Mileage): Enter the total anticipated number of miles (round-trip) in Column J. Column K will auto-populate based on the number of miles x $0.445.
A7: 5. Columns L-M: (Other travel costs): Describe any other anticipated travel costs (airfare, baggage fees, rental car, taxi, parking fees, tolls, etc.) Enter the estimated TOTAL cost for all "other" costs in Column M (it will not auto-populate).
A8: 6. Column N: The total estimated travel cost will be auto-populated based on the answers provided in Columns A-M.
A10: C. Travel
A11: Purpose of Travel | F11: Travel Costs | N11: Total Estimated Costs
A12: Purpose of Travel | B12: Destination | C12: Anticipated Dates of Travel (TBD if unknown) | D12: Number of Travelers | E12: Anticipated # of Nights | F12: Hotel Cost (per night, $225.00 max) | G12: Total Lodging Costs | H12: Daily Meal Allowance ($36.00 max) | I12: Total Meal Costs | J12: Total # of Miles (Round-trip) | K12: Total Mileage Costs ($0.445/mile) | L12: If other, please describe: | M12: Total Other Costs
A13: EXAMPLE: Travel for two detectives to attend an Identity Theft and Fraud conference. | B13: Orlando, FL | C13: 12/12/2024 - 12/15/2024 | D13: 2 | E13: 3 | F13: 125 | G13: =F13*E13*D13 -> 750 | H13: 36 | I13: =H13*E13*D13 -> 216 | J13: 0 | K13: =J13*0.445 -> 0 | L13: Parking $15.00/day | M13: 45 | N13: =G13+I13+K13+M13 -> 1011 | O13: This line is an EXAMPLE and will not be included in the total below.
G14: =F14*E14*D14 -> 0 | I14: =H14*E14*D14 -> 0 | K14: =J14*0.445 -> 0 | N14: =G14+I14+K14+M14 -> 0
G15: =F15*E15*D15 -> 0 | I15: =H15*E15*D15 -> 0 | K15: =J15*0.445 -> 0 | N15: =G15+I15+K15+M15 -> 0
G16: =F16*E16*D16 -> 0 | I16: =H16*E16*D16 -> 0 | K16: =J16*0.445 -> 0 | N16: =G16+I16+K16+M16 -> 0
G17: =F17*E17*D17 -> 0 | I17: =H17*E17*D17 -> 0 | K17: =J17*0.445 -> 0 | N17: =G17+I17+K17+M17 -> 0
G18: =F18*E18*D18 -> 0 | I18: =H18*E18*D18 -> 0 | K18: =J18*0.445 -> 0 | N18: =G18+I18+K18+M18 -> 0
G19: =F19*E19*D19 -> 0 | I19: =H19*E19*D19 -> 0 | K19: =J19*0.445 -> 0 | N19: =G19+I19+K19+M19 -> 0
G20: =F20*E20*D20 -> 0 | I20: =H20*E20*D20 -> 0 | K20: =J20*0.445 -> 0 | N20: =G20+I20+K20+M20 -> 0
G21: =F21*E21*D21 -> 0 | I21: =H21*E21*D21 -> 0 | K21: =J21*0.445 -> 0 | N21: =G21+I21+K21+M21 -> 0
G22: =F22*E22*D22 -> 0 | I22: =H22*E22*D22 -> 0 | K22: =J22*0.445 -> 0 | N22: =G22+I22+K22+M22 -> 0
G23: =F23*E23*D23 -> 0 | I23: =H23*E23*D23 -> 0 | K23: =J23*0.445 -> 0 | N23: =G23+I23+K23+M23 -> 0
G24: =F24*E24*D24 -> 0 | I24: =H24*E24*D24 -> 0 | K24: =J24*0.445 -> 0 | N24: =G24+I24+K24+M24 -> 0
G25: =F25*E25*D25 -> 0 | I25: =H25*E25*D25 -> 0 | K25: =J25*0.445 -> 0 | N25: =G25+I25+K25+M25 -> 0
... G31: =F31*E31*D31 -> 0 | I31: =H31*E31*D31 -> 0 | K31: =J31*0.445 -> 0 | N31: =G31+I31+K31+M31 -> 0
G32: =SUM(G14:G31) -> 0 | I32: =SUM(I14:I31) -> 0 | K32: =SUM(K14:K31) -> 0 | L32: Total Estimated Travel Costs | N32: =SUM(N14:N31) -> 0
A34: NOTES:
A35: The nightly rate for lodging must not exceed the limit set by the State of Florida ($225.00/night).
A36: Daily meal allowances must not exceed the limit set by the State of Florida ($36.00/day).
A37: Mileage is reimbursed at the rate set by the State of Florida ($0.445/mile).

Sheet D - Equipment
A1: D. Equipment
A2: INSTRUCTIONS:
A3: 1. Columns A-D: Enter the name of the item, number of units, unit type (each, case of 100, box of 15, etc.), and unit cost.
A4: 2. Column E: Provide a brief explanation of why the item is necessary for the program.
A5: 2. Column F: Select the method of procurement for this item (Competitive Quotes, State-Term or Alternate-Source Contract, or Sole Source).
A6: 3. Column G: This column will auto-populate based on the information entered in columns A-D.
A8: D. Equipment
A9: Item Name | B9: # of Units | C9: Unit Type | D9: Unit Cost | E9: Explanation of why the item is necessary for the program | F9: Procurement Method (select one) | G9: Total Estimated Costs
A10: EXAMPLE: Laptops | B10: 2 | C10: each | D10: 2000 | E10: Upgraded laptops are necessary to meet the system requirements of data analytic software. | F10: State-Term Contract | G10: =B10*D10 -> 4000 | H10: This line is an EXAMPLE and will not be included in the total below.
G11: =B11*D11 -> 0
G12: =B12*D12 -> 0
G13: =B13*D13 -> 0
G14: =B14*D14 -> 0
G15: =B15*D15 -> 0
G16: =B16*D16 -> 0
G17: =B17*D17 -> 0
G18: =B18*D18 -> 0
G19: =B19*D19 -> 0
G20: =B20*D20 -> 0
G21: =B21*D21 -> 0
G22: =B22*D22 -> 0
... G37: =B37*D37 -> 0
A38: Total Estimated Equipment Costs | G38: =SUM(G11:G37) -> 0

Sheet E - Supplies
A1: E. Supplies
A2: INSTRUCTIONS:
A3: 1. Columns A-D: Enter the name of the item, number of units, unit type (each, case of 100, box of 15, etc.), and unit cost.
A4: 2. Column E: Provide a brief explanation of why the item is necessary for the program.
A5: 3. Column F: This column will auto-populate based on the information entered in columns A-D.
A7: E. Supplies
A8: Item Name | B8: # of Units | C8: Unit Type | D8: Unit Cost | E8: Explanation of why the item is necessary for the program | F8: Total Estimated Costs
A9: EXAMPLE: Cryptocurrency wallets | B9: 10 | C9: each | D9: 75 | E9: Cryptocurrency wallets will be utilized to seize funds stolen as a result of identity theft or fraud. | F9: =B9*D9 -> 750 | G9: This line is an EXAMPLE and will not be included in the total below.
F10: =B10*D10 -> 0
F11: =B11*D11 -> 0
F12: =B12*D12 -> 0
F13: =B13*D13 -> 0
F14: =B14*D14 -> 0
F15: =B15*D15 -> 0
F16: =B16*D16 -> 0
F17: =B17*D17 -> 0
F18: =B18*D18 -> 0
F19: =B19*D19 -> 0
F20: =B20*D20 -> 0
F21: =B21*D21 -> 0
... F29: =B29*D29 -> 0
A30: Total Estimated Supplies Costs | F30: =SUM(F10:F29) -> 0

Sheet F - Construction
A2: Tab F - Construction
A3: Purpose (i.e. permits, surveys, design, construction, renovation, etc. | B3: Vendor | C3: Description of work | D3: Estimated Total Cost
A4: Example: Architectural Design | B4: AAI Construction | C4: Procure architectural design services to draft plans for the expansion of the Smith County Sheriff’s Office Administration Facility. This may include, but is not limited to: design services, spatial needs assessment, site analysis, master planning, creation of a conceptual design drawing, cost estimates and preliminary construction drawings. | D4: 150000
A5: Example: Construction for the expansion of the Smith County Jail. | B5: TBD | C5: Construction of new housing pods, holding facility, and medical unit. Contingent activities and cost breakdown are TBD until construction estimates and analysis is conducted. | D5: 500000
A22: Total Program Costs | D22: =SUM(D6:D21) -> 0

Sheet F - Other Costs
A1: F. Other Costs
A2: INSTRUCTIONS:
A3: 1. Columns A-D: Enter the name of the item, number of units, unit type, and unit cost.
A4: 2. Column E: Provide a brief explanation of why the item is necessary for the program.
A5: 2. Column F: If applicable, select the method of procurement for this item (Competitive Quotes, State-Term or Alternate-Source Contract, or Sole Source).
A6: 3. Column G: These column will auto-populate based on the information entered in columns A-D.
A8: F. Other Costs
A9: Item Name | B9: # of Units | C9: Unit Type | D9: Unit Cost | E9: Explanation of why it's necessary for the program | F9: Procurement Method, if applicable (select one) | G9: Total Estimated Costs
A10: EXAMPLE: Licenses for data analytic software | B10: 2 | C10: licenses | D10: 1250 | E10: This software will assist detectives investigating large amounts of financial data related to identity theft or fraud cases. | F10: Competitive Quotes | G10: =B10*D10 -> 2500 | H10: These lines are EXAMPLES and will not be included in the total below.
A11: EXAMPLE: Course registration fees for online digital forensics investigations training. | B11: 2 | C11: registrations | D11: 1500 | E11: This training will teach detectives how to gather digital evidence to assist with identity theft or fraud cases. The training is online and self-paced. | F11: N/A | G11: =B11*D11 -> 3000
G12: =B12*D12 -> 0
G13: =B13*D13 -> 0
G14: =B14*D14 -> 0
G15: =B15*D15 -> 0
G16: =B16*D16 -> 0
G17: =B17*D17 -> 0
G18: =B18*D18 -> 0
G19: =B19*D19 -> 0
G20: =B20*D20 -> 0
G21: =B21*D21 -> 0
G22: =B22*D22 -> 0
G23: =B23*D23 -> 0
... G31: =B31*D31 -> 0
A32: Total Estimated Other Costs | G32: =SUM(G12:G31) -> 0

Sheet Sheet1
A1: Percentage (%)
A2: Rate ($)
A5: Competitive Quotes
A6: State-Term Contract
A7: Alternate Source Contract
A8: Sole Source
A9: N/A
